Map: Central Protocol

Players

LiquidBunny (Bunny)

  • Race: Terran Terran
  • League: Grandmaster

Nerchio - Winner!

  • Race: Zerg Zerg
  • League: Grandmaster

Event: Homestory Cup XII

VOD

Have the link to the VOD?

Description

Time

  • Played on: Dec. 19, 2015, 7:20 a.m.
  • Length: 9:22

All games in this series

Show
View Real Time Build Order
Export as new Build Order

LiquidBunny Terran 

Build Orders: MMM Bio 

Get SALT Encoding   

  12  0:01  SCV  
  13  0:13  SCV  
  14  0:22  Supply Depot  
  14  0:25  SCV  
  15  0:44  SCV  
  15  0:47  Barracks  
  15  0:49  Refinery  
  16  0:56  SCV  
  17  1:03  Barracks  
  17  1:08  SCV  
  18  1:20  SCV  
  19  1:27  Barracks  
  19  1:32  SCV  
  20  1:34  Refinery  
  20  1:35  Reaper  
  21  1:48  Orbital Command  
  21  1:52  Reaper  
  22  2:00  Supply Depot  
  22  2:07  Reaper  
  23  2:22  SCV, Reaper, Supply Depot  
  25  2:27  Reaper  
  26  2:34  SCV  
  27  2:39  Reaper  
  28  2:46  SCV  
  29  2:54  Reaper  
  30  2:58  SCV  
  30  2:59  Reaper  
  32  3:10  SCV  
  33  3:17  Command Center  
  33  3:18  Reaper  
  34  3:22  Supply Depot, SCV  
  36  3:34  SCV  
  36  3:39  Barracks Tech Lab  
  36  3:50  Command Center, SCV  
  37  4:02  SCV  
  36  4:14  SCV  
  36  4:23  Barracks Reactor  
  35  4:27  SCV, Barracks Reactor  
  35  4:28  Stimpack  
  37  4:31  Factory  
  37  4:34  Orbital Command  
  37  4:36  Supply Depot  
  36  4:39  SCV, Supply Depot x2  
  36  4:40  Marine  
  38  4:51  SCV  
  39  4:59  Marine  
  38  5:00  Marine  
  38  5:02  Orbital Command  
  38  5:03  SCV x2  
  38  5:06  Marine x2  
  44  5:09  Marine  
  45  5:15  SCV x2  
  45  5:17  Marine  
  45  5:18  Factory Reactor  
  45  5:19  Starport  
  45  5:21  Marine  
  48  5:23  Marine  
  48  5:27  SCV x2  
  51  5:30  Engineering Bay  
  51  5:31  SCV  
  51  5:34  Engineering Bay  
  52  5:39  SCV x2  
  52  5:42  Marine x2  
  53  5:43  SCV, Marine  
  53  5:49  Marine  
  58  5:51  SCV  
  58  5:52  SCV  
  58  5:55  Marine  
  62  5:59  Barracks  
  62  6:00  Marine  
  62  6:02  Marine  
  62  6:03  SCV  
  62  6:04  Factory Tech Lab, Barracks, Medivac x2  
  65  6:08  Refinery  
  65  6:11  Refinery  
  68  6:12  Marine  
  68  6:16  Terran Infantry Weapons Level 1, Terran Infantry Armor Level 1  
  68  6:18  Supply Depot, Marine  
  70  6:20  Marine x2  
  70  6:23  Marine  
  73  6:26  SCV  
  73  6:28  Supply Depot  
  73  6:29  Marine  
  73  6:30  SCV  
  76  6:34  Orbital Command  
  76  6:36  Marine  
  76  6:38  SCV, Marine x2  
  80  6:41  Marine  
  80  6:43  Siege Tank, Medivac  
  80  6:46  SCV  
  87  6:49  Marine  
  87  6:50  SCV  
  87  6:52  Medivac  
  87  6:53  Marine  
  87  6:54  Barracks Reactor  
  92  6:55  Barracks Reactor  
  92  6:57  Marine  
  92  6:58  SCV  
  92  7:01  SCV  
  95  7:02  SCV  
  95  7:06  Supply Depot, Combat Shields  
  96  7:10  SCV, Marine  
  96  7:13  SCV  
  96  7:14  SCV, Marine x2  
  102  7:22  SCV  
  103  7:24  Siege Tank  
  103  7:25  SCV  
  103  7:27  SCV, Marine  
  103  7:28  Marine  
  110  7:32  Supply Depot  
  110  7:33  Supply Depot  
  110  7:34  SCV, Armory  
  110  7:36  Marine x2  
  112  7:37  SCV  
  112  7:38  Marine  
  112  7:39  Marine  
  112  7:40  Marine, Orbital Command  
  115  7:47  Marine x2  
  115  7:48  SCV  
  115  7:50  Marine  
  115  7:53  Marine  
  115  7:54  Marine  
  115  7:56  Marine  
  108  8:03  Marine x3  
  108  8:05  Siege Tank  
  108  8:07  Medivac x2  
  108  8:08  SCV, Marine x2  
  108  8:11  Marine x2  
  116  8:18  SCV  
  100  8:20  Marine x2  
  100  8:21  SCV  
  100  8:22  Marine  
  100  8:25  SCV  
  100  8:26  Marine  
  91  8:31  SCV  
  91  8:35  Marine x3  
  91  8:36  Marine  
  91  8:37  Medivac  
  91  8:39  SCV  
  98  8:45  Marine  
  98  8:46  Marine x2  
  98  8:47  Medivac, Marine x2  
  101  8:49  SCV  
  101  8:53  SCV, Marine x2  
  98  8:58  Marine x2  
  83  9:03  Marine  
  83  9:04  Marine  
Show
View Real Time Build Order
Export as new Build Order

Nerchio Zerg - Winner!

Build Orders: Hatch First 

Get SALT Encoding   

  12  0:01  Drone  
  13  0:12  Overlord  
  13  0:17  Drone  
  14  0:30  Drone x2  
  14  0:34  Drone  
  17  0:51  Hatchery  
  17  0:55  Drone  
  17  0:58  Drone  
  18  1:12  Spawning Pool  
  18  1:15  Drone  
  18  1:18  Drone  
  19  1:21  Extractor  
  18  1:28  Drone  
  19  1:38  Overlord  
  19  1:58  Zergling x2  
  19  1:59  Queen  
  19  2:00  Zergling x2  
  23  2:03  Queen  
  23  2:04  Zergling x2  
  26  2:11  Drone  
  26  2:15  Drone  
  28  2:18  Roach Warren  
  28  2:22  Drone  
  28  2:26  Drone  
  29  2:32  Drone  
  29  2:36  Drone  
  31  2:42  Overlord  
  31  2:45  Extractor  
  31  2:59  Roach  
  31  3:00  Roach  
  31  3:01  Roach  
  31  3:04  Roach  
  39  3:08  Roach x2  
  39  3:09  Queen  
  43  3:16  Overlord  
  43  3:17  Drone  
  43  3:34  Drone  
  43  3:35  Drone x5  
  49  3:41  Queen  
  49  3:46  Overlord  
  51  3:50  Overlord  
  46  4:04  Drone  
  46  4:09  Drone  
  48  4:10  Drone x2  
  48  4:15  Drone x3  
  51  4:20  Drone  
  52  4:27  Hatchery, Drone  
  52  4:28  Drone  
  53  4:33  Evolution Chamber, Drone  
  53  4:35  Drone  
  53  4:37  Drone  
  55  4:38  Drone  
  55  4:44  Evolution Chamber  
  55  4:45  Drone  
  56  4:48  Drone x2  
  56  4:50  Extractor  
  56  4:51  Drone, Extractor  
  57  4:53  Drone  
  57  4:57  Drone  
  57  4:58  Drone  
  60  5:04  Zerg Missile Weapons Level 1  
  60  5:07  Lair  
  60  5:09  Drone  
  60  5:10  Drone x2  
  63  5:16  Zerg Ground Armor Level 1  
  63  5:19  Drone x2  
  63  5:20  Extractor  
  65  5:21  Drone  
  65  5:24  Overlord  
  65  5:27  Overlord  
  65  5:32  Overlord  
  65  5:40  Roach x3  
  65  5:41  Roach  
  71  5:45  Roach x2  
  75  5:53  Ravager x2  
  75  5:54  Ravager  
  75  5:55  Roach  
  75  5:56  Roach  
  81  5:59  Roach  
  81  6:00  Roach  
  85  6:06  Queen  
  87  6:15  Glial Reconstitution  
  87  6:19  Drone  
  87  6:20  Drone x6  
  87  6:23  Overlord x2  
  87  6:24  Extractor  
  93  6:25  Overlord  
  93  6:39  Roach  
  95  6:40  Roach x2  
  95  6:42  Roach x4  
  105  6:54  Roach x6  
  115  7:00  Overlord  
  117  7:01  Zerg Missile Weapons Level 2  
  117  7:04  Overlord  
  117  7:08  Overlord  
  117  7:09  Roach  
  117  7:13  Overlord  
  119  7:16  Overlord  
  119  7:17  Overlord  
  119  7:20  Roach  
  121  7:23  Roach  
  121  7:24  Roach  
  121  7:26  Ravager x2  
  121  7:28  Drone x2  
  129  7:32  Roach  
  129  7:33  Roach  
  129  7:35  Roach  
  137  7:37  Roach  
  137  7:39  Roach  
  137  7:42  Roach  
  137  7:43  Roach  
  143  7:45  Roach  
  143  7:47  Roach  
  143  7:50  Ravager  
  140  7:54  Roach  
  140  7:56  Roach  
  139  7:58  Roach  
  139  8:01  Drone  
  139  8:03  Drone  
  136  8:06  Drone, Ravager x2  
  136  8:10  Drone x2  
  141  8:13  Drone  
  141  8:14  Drone  
  141  8:16  Drone  
  141  8:17  Drone  
  142  8:21  Drone x2  
  142  8:23  Drone  
  142  8:24  Drone  
  139  8:28  Roach  
  139  8:30  Roach  
  139  8:33  Roach, Extractor  
  144  8:37  Drone x2  
  146  8:42  Roach  
  146  8:45  Roach x2  
  146  8:46  Roach  
  144  8:55  Roach x2  
  140  8:56  Roach  
  140  8:57  Roach  
  140  8:58  Roach  
  140  9:00  Roach  
  140  9:01  Drone  
Tags
 
Add a new tag
Caveats
  • Supply blocks, unpowered buildings, or Contaminate may cause inaccurate times.
  • Supply counts are checked every 10 seconds.